 Dungeon Crawl Stone Soup version 0.26.1-11-gd32895ea62 (webtiles) character file.

Game seed: 11906233833265635358

155 Descartes the Covert (level 5, -4/22 HPs)
             Began as a Felid Transmuter on May 2, 2021.
             Slain by an ogre
             ... wielding a +0 giant club
              (26 damage)
             ... on level 4 of the Dungeon.
             The game lasted 00:05:40 (3427 turns).

Descartes the Covert (Felid Transmuter)             Turns: 3427, Time: 00:05:40

Health: -4/22      AC:  1    Str:  7    XL:     5   Next: 14%
Magic:  16/18      EV: 18    Int: 15    God:
Gold:   132        SH:  0    Dex: 16    Spells: 5/8 levels left
                                        Lives:  0   Deaths: 1

rFire    + . .     SeeInvis +     - Unarmed
rCold    . . .     Faith    .   (shield unavailable)
rNeg     . . .     Spirit   .   (armour unavailable)
rPois    .         Reflect  .   (helmet unavailable)
rElec    .         Harm     .   (cloak unavailable)
rCorr    .         Rampage  .   (gloves unavailable)
Will     .....                  (boots unavailable)
Stlth    ++++......             (no amulet)
HPRegen  0.07/turn              j - ring of protection from fire
MPRegen  0.16/turn              q - ring of magical power

@: appendages (expiring), wereblooded, quick
A: very small, no armour, no weapons or thrown items, stealth, claws 1, fangs 3,
horns 2, see invisible, speed 1, shaggy fur 1, sharp paws
a: End Transformation


You were on level 4 of the Dungeon.
You had grown temporary horns.
You visited 1 branch of the dungeon, and saw 4 of its levels.

You collected 132 gold pieces.

Inventory:

Missiles
 a - 128 stones
Jewellery
 j - a ring of protection from fire (left paw)
 q - a ring of magical power (right paw)
 t - a +6 ring of dexterity {unknown}
Wands
 s - a wand of digging (2)
Scrolls
 f - a scroll of magic mapping {unknown}
 g - a scroll of noise {unknown}
 i - a scroll of random uselessness {unknown}
 k - a scroll of enchant armour {unknown}
 m - a scroll of teleportation {unknown}
 n - 2 scrolls of remove curse {unknown}
 p - a scroll of enchant weapon {unknown}
 r - 2 scrolls of immolation {unknown}
Potions
 b - a potion of mutation {unknown}
 c - a potion of magic
 d - a potion of attraction
 e - a potion of resistance
 h - a potion of brilliance {unknown}
 l - a potion of heal wounds {unknown}
 o - a potion of haste {unknown}


   Skills:
 - Level 1.0 Fighting
 + Level 2.6 Dodging
 + Level 8.1 Stealth
 + Level 3.0 Unarmed Combat
 - Level 2.0 Spellcasting
 + Level 2.1 Transmutations


You had 5 spell levels left.
You knew the following spells:

 Your Spells              Type           Power        Failure   Level
a - Beastly Appendage     Tmut           16%          9%          1
b - Wereblood             Tmut           8%           14%         2

Your spell library contained the following spells:

 Spells                   Type           Power        Failure   Level
 Spider Form              Tmut/Pois      2%           38%         3
 Ice Form                 Ice/Tmut       4%           80%         4
 Blade Hands              Tmut           4%           94%         5


Dungeon Overview and Level Annotations

Branches:
Dungeon (4/15)
 Temple: D:4-7

Altars:
Fedhas

Annotations:
D:2 Terence


Innate Abilities, Weirdness & Mutations

You cannot wear armour.
You are incapable of wielding weapons or throwing items.
Your paws allow you to move quietly. (Stealth)
You have sharp claws.
You have razor-sharp teeth.
You have supernaturally acute eyesight. (SInv)
You cover ground quickly.
You are covered in fur. (AC +1)
Your sharp claws are effective at attacking unaware monsters.
You have a pair of horns on your head.


Message History

Casting: Beastly Appendage (safe; 9% risk of failure)
Confirm with . or Enter, or press ? or * to list all spells.
Your blood is infused with primal strength.
The ogre shouts!
You scratch the ogre but do no damage. Your headbutt misses the ogre.
The ogre misses you.
You scratch the ogre. You headbutt the ogre.
The ogre is heavily wounded.
Your transformation is almost over.
The ogre misses you.
You scratch the ogre. You bite the ogre, but do no damage.
The ogre is heavily wounded.
You barely miss the ogre. Your bite misses the ogre.
The ogre is heavily wounded.
The ogre barely misses you.
You scratch the ogre. Your headbutt misses the ogre.
The ogre is heavily wounded.
The ogre hits you with a +0 giant club!!
Ouch! That really hurt!
You die...

#.##.##. #.##.##.
#....##. #..####.
##### #....... ...
##.##### ####
###.#.####.#
#...##...#...##.#
#..O@..#####.##.#
.......##...#......#
####### ###.#.######
#...# #####


You could see an ogre.

Vanquished Creatures
  A jelly (D:3)
  Ijyb (D:2)
  An orc wizard (D:3)
  4 gnolls (D:3)
  4 adders
  3 worms (D:2)
  A dart slug (D:2)
  A leopard gecko (D:1)
  2 orcs (D:3)
  6 bats
  4 giant cockroaches
  3 goblins
  10 hobgoblins
  7 jackals
  2 quokkas
  4 frilled lizards
  5 kobolds
  6 rats
65 creatures vanquished.

Notes
Turn   | Place    | Note
-------+----------+-------------------------------------------
     0 | D:1      | Descartes the Felid Transmuter began the quest for the Orb.
     0 | D:1      | Reached XP level 1. HP: 9/9 MP: 4/4
    85 | D:1      | Reached skill level 1 in Stealth
   389 | D:1      | Reached skill level 2 in Stealth
   621 | D:1      | Reached XP level 2. HP: 12/12 MP: 6/6
   682 | D:1      | Reached skill level 3 in Stealth
  1049 | D:2      | Noticed Terence
  1413 | D:2      | Reached skill level 4 in Stealth
  1417 | D:2      | Reached XP level 3. HP: 13/15 MP: 7/7
  2176 | D:2      | Learned a level 2 spell: Wereblood
  2224 | D:3      | Noticed Ijyb
  2240 | D:2      | Killed Ijyb
  2241 | D:2      | Reached skill level 5 in Stealth
  2241 | D:2      | Reached XP level 4. HP: 10/19 MP: 8/8
  2436 | D:3      | Reached skill level 6 in Stealth
  2670 | D:3      | Reached XP level 5. HP: 15/22 MP: 9/9
  2676 | D:3      | Reached skill level 7 in Stealth
  2682 | D:3      | Mangled by a gnoll
  2683 | D:3      | Reached XP level 4. HP: -8/19 MP: 17/17
  2956 | D:3      | Found a blossoming altar of Fedhas.
  2982 | D:3      | Reached XP level 5. HP: 22/22 MP: 9/9
  2988 | D:3      | Reached skill level 8 in Stealth
  3416 | D:4      | Noticed an ogre
  3427 | D:4      | Slain by an ogre

Illustrated notes

Levels and vault maps discovered:
D:1:      ncdulo_smallfort, layout_basic
D:2:      layout_loops_corners, minmay_tromino_i4, uniq_terence
D:3:      layout_loops_cross, nicolae_overflow_crystal_walls,
          minmay_misc_feat_tower, uniq_ijyb
D:4:      layout_loops_cross, nicolae_overflow_quartered_altars, temple_statues

Skill      XL: |  1  2  3  4  5 |
---------------+----------------+-----
Stealth        | 2 4 5 6 8 |  8.1
Fighting       | |  1.0
Dodging        | |  2.6
Unarmed Combat | |  3.0
Spellcasting   | |  2.0
Transmutations | |  2.1

Action                   |  1- 3 |  4- 6 || total
-------------------------+-------+-------++-------
Melee: Unarmed           |    88 |    94 ||   182
       Punch             |     1 |     1 ||     2
       Bite              |     4 |     3 ||     7
       Headbutt          |     2 |    13 ||    15
 Cast: Beastly Appendage |     1 |    23 ||    24
       Wereblood         |     1 |     7 ||     8
  Use: Scroll            |     3 |     1 ||     4
 Stab: Sleeping          |     8 |     6 ||    14
       Distracted        |     1 |       ||     1
Armor: Skin              |     4 |     4 ||     8
Dodge: Dodged            |    76 |    68 ||   144
